Cogmind - Beta 12 @@@ ROGUE MODE // 2023.10.28 @ 03:58:03 Player: Rainynight Result: Destroyed by S-27 Virus with Autogun Performance ------------- Evolutions (4) 2000 Regions Visited (12) 2400 Robots Destroyed (76) 380 Value Destroyed (2247) 2247 Prototype IDs (41) 820 Alien Tech Used (0) 0 Bonus (679) 679 TOTAL SCORE: 8526 Bonus ------- High Alert Combat Kills 18 Follower Combat Kills 61 Aligned with FarCom 300 Met Data Miner 300 Cogmind --------- Core Integrity 0/850 Matter 214/300 Energy 98/100 System Corruption 4% Temperature Cool (0) Movement Core (50) Location -6/Lower Caves Parts ------- > --- POWER (2) -------- (None) > --- PROPULSION (5) --- (None) > --- UTILITY (6) ------ Advanced Melee Analysis Suite Improved Utility Shielding Hacking Suite System Shield Improved System Shield > --- WEAPON (2) ------- (None) > --- INVENTORY (5) ---- Medium Storage Unit System Shield High-powered Tractor Beam Remote Datajack Peak State ------------ > --- POWER ------------ Improved Deuterium Engine Light Fission Core > --- PROPULSION ------- Combat Airjet Combat Airjet Combat Airjet Combat Airjet Combat Airjet > --- UTILITY ---------- Large Storage Unit Advanced Melee Analysis Suite Advanced Melee Analysis Suite Advanced Melee Analysis Suite Hacking Suite Makeshift Hacking Suite > --- WEAPON ----------- Heavy Plasma Cannon Heavy Mace > --- INVENTORY -------- Angular Momentum Engine Medium Storage Unit High-capacity Matter Pod Improved Actuator Array Cloak of Protection Improved Utility Shielding System Shield Authchip [Device] System Restoration Module High-powered Tractor Beam Rocket Launcher Improved Grenade Launcher Improved Grenade Launcher Improved Grenade Launcher Remote Datajack [Rating: 70] Favorites ----------- Power Light Ion Engine Engine Light Ion Engine Power Core Light Nuclear Core Propulsion Aluminum Leg Treads Light Treads Leg Aluminum Leg Wheel Wheel Hover Unit Improved Hover Unit Flight Unit Flight Unit Utility Heat Sink Device Heat Sink Storage High-capacity Storage Unit Processor Improved Targeting Computer Hackware Hacking Suite Protection Improved Utility Shielding Weapon Heavy Assault Rifle Energy Gun Heavy Particle Gun Energy Cannon Heavy Plasma Cannon Ballistic Gun Heavy Assault Rifle Ballistic Cannon Battle Cannon Launcher Improved Grenade Launcher Special Weapon Remote Datajack Impact Weapon Heavy Mace Special Melee Weapon Improved Datajack Build | -11 -10 -10 -10 -9 -8 -7 -7 -7 -7 -6 -6 -6 ------- Run | Jun Mat Min Exi Min Mat Fac Low Low Dat Pro Fac Low Slots Evolved 8 | . . . . . 4 2 . . . . 2 . Power 1 | . . . . . . . . . . . 1 . Propulsion 3 | . . . . . 1 2 . . . . . . Utility 4 | . . . . . 3 . . . . . 1 . Weapon . | . . . . . . . . . . . . . Parts Attached 151 | 7 17 1 . 4 56 16 4 9 . 5 32 . Power 19 | 1 1 1 . 1 5 2 . 3 . 1 4 . Engine 14 | 1 . 1 . 1 3 1 . 3 . 1 3 . Core 5 | . 1 . . . 2 1 . . . . 1 . Reactor . | . . . . . . . . . . . . . Propulsion 54 | 3 6 . . 3 23 7 . 2 . . 10 . Treads 7 | 2 . . . 1 4 . . . . . . . Leg 21 | 1 6 . . . 12 . . . . . 2 . Wheel 6 | . . . . 2 3 . . 1 . . . . Hover 14 | . . . . . . 5 . 1 . . 8 . Flight 6 | . . . . . 4 2 . . . . . . Utility 47 | 1 6 . . . 18 4 4 2 . 1 11 . Device 24 | . 4 . . . 8 3 4 2 . 1 2 . Storage 6 | 1 2 . . . 1 1 . . . . 1 . Processor 8 | . . . . . 4 . . . . . 4 . Hackware 5 | . . . . . 2 . . . . . 3 . Protection 4 | . . . . . 3 . . . . . 1 . Artifact . | . . . . . . . . . . . . . Weapon 31 | 2 4 . . . 10 3 . 2 . 3 7 . Energy Gun 6 | . 2 . . . 4 . . . . . . . Energy Cannon 4 | . . . . . 1 . . . . 1 2 . Ballistic Gun 6 | 2 2 . . . 2 . . . . . . . Ballistic Cannon 1 | . . . . . . . . . . 1 . . Launcher 5 | . . . . . . 1 . 1 . 1 2 . Special Weapon 1 | . . . . . . . . . . . 1 . Impact Weapon 3 | . . . . . 1 . . . . . 2 . Slashing Weapon . | . . . . . . . . . . . . . Piercing Weapon . | . . . . . . . . . . . . . Special Melee Weapon 5 | . . . . . 2 2 . 1 . . . . Unidentified Prototypes 5 | . . . . . 1 2 . . . 2 . . Parts Lost 36 | . 1 . . . 7 . . 7 . 7 14 . Power 9 | . . . . . 3 . . 1 . 1 4 . Propulsion 15 | . 1 . . . 2 . . 4 . 3 5 . Utility 7 | . . . . . 1 . . 1 . 2 3 . Weapon 5 | . . . . . 1 . . 1 . 1 2 . Highest Loss Streak 6 | . 1 . . . 4 . . 4 . 6 6 . To Critical Strikes . | . . . . . . . . . . . . . Average Slot Usage (%) 91 | . 95 100 100 100 95 95 100 87 76 57 78 . Engine 6 | . 2 3 14 14 6 2 . 6 7 6 4 . Core 3 | . 11 10 . . 1 4 7 . . . 3 . Treads 3 | . 6 . . 1 7 . . . . . . . Leg 12 | . 20 28 28 25 9 . . . . . . . Hover 6 | . . . . . . 20 38 26 15 3 20 . Flight 1 | . . . . . 5 14 . . . . . . Device 12 | . 10 14 14 14 15 13 15 13 15 9 3 . Storage 9 | . 14 14 14 14 7 5 7 7 7 7 4 . Processor 4 | . . . . . 15 . . . . . 9 . Hackware 5 | . . . . . 2 15 15 15 15 15 11 . Protection 1 | . . . . . 2 2 . . . . 4 . Energy Gun 1 | . 2 . . . 3 . . . . . . . Ballistic Gun 13 | . 25 28 28 28 11 . . . . . . . Impact Weapon 2 | . . . . . 1 7 7 7 7 7 7 . Special Melee Weapon 1 | . . . . . 1 6 7 5 . . . . Naked Turns . | . . . . . . . . . . . . . Heaviest Build 53 | 14 53 52 50 52 53 36 31 34 20 31 53 2 Greatest Support 63 | 40 40 20 20 20 63 44 35 35 23 37 60 3 Greatest Overweight (x) 11 | 1 2 2 2 5 11 1 . 1 . 9 9 . Average Overweight (x) . | . . 2 2 2 1 . . . . 2 . . Largest Inventory Capacity 20 | 8 20 20 20 20 20 10 10 10 10 10 15 5 Average Capacity 15 | 7 14 20 20 20 17 9 10 10 10 10 12 5 Most Carried 20 | 2 20 20 20 20 20 10 10 10 10 10 15 4 Average Carried 14 | . 13 19 19 19 16 8 10 9 10 9 12 4 Final Capacity 20 | 8 20 20 20 20 5 10 10 10 10 10 5 5 Final Carried 20 | 2 20 19 20 20 5 10 10 10 10 10 4 4 Class Distribution -------------------- 42% | Mutant 27% | Hacker-Mutant 23% | Scavenger-Mutant 4% | Hacker-Scout Dominant Class ---------------- Mutant | -10/Materials Mutant | -10/Mines Mutant | -10/Exiles Mutant | -9/Mines Scavenger-Mutant | -8/Materials Hacker-Mutant | -7/Factory Hacker-Mutant | -7/Lower Caves Hacker-Mutant | -7/Lower Caves Hacker-Mutant | -7/Data Miner Hacker-Mutant | -6/Proximity Caves Hacker-Mutant | -6/Factory Hacker-Mutant | -6/Lower Caves Resources | -11 -10 -10 -10 -9 -8 -7 -7 -7 -7 -6 -6 -6 ----------- Run | Jun Mat Min Exi Min Mat Fac Low Low Dat Pro Fac Low Matter Collected 2572 | 170 665 20 . 92 972 99 89 100 . 73 292 . Remotely . | . . . . . . . . . . . . . Salvage Created 2717 | . 628 . . 165 1337 99 . 116 . 32 340 . Parts 144 | . 32 . . 14 66 3 . 7 . 1 21 . Haulers Intercepted 2 | . 1 . . . 1 . . . . . . . Recyclers Shooed 3 | . 2 . . . 1 . . . . . . . Parts Field Recycled . | . . . . . . . . . . . . . Retrieved Matter . | . . . . . . . . . . . . . Parts Self-Destructed 4 | . . . . . . . . . . 4 . . Prevented 10 | . . . . . . . 3 3 . 4 . . Kills | -11 -10 -10 -10 -9 -8 -7 -7 -7 -7 -6 -6 -6 ------- Run | Jun Mat Min Exi Min Mat Fac Low Low Dat Pro Fac Low Combat Hostiles Destroyed 54 | . 12 . . 3 26 . . 4 . 2 7 . Melee 1 | . . . . . . . . . . . 1 . Guns 41 | . 12 . . 3 26 . . . . . . . Cannons 1 | . . . . . . . . . . . 1 . AOE 9 | . . . . . . . . 4 . 1 4 . Classes Destroyed 15 | . 6 . . 2 5 . . . . 1 1 . Worker 5 | . 1 . . . . 1 . . . . 3 . Builder 5 | . . . . . 2 1 . . . . 2 . Tunneler 1 | . . . . 1 . . . . . . . . Hauler 2 | . 1 . . . 1 . . . . . . . Recycler 5 | . 2 . . . 2 1 . . . . . . Mechanic 2 | . . . . . 1 . . . . . 1 . Operator 2 | . 1 . . . 1 . . . . . . . Swarmer 18 | . 3 . . . 7 . . 4 . 1 3 . Grunt 25 | . 9 . . 2 14 . . . . . . . Brawler 1 | . . . . 1 . . . . . . . . Duelist 1 | . . . . . 1 . . . . . . . Sentry 5 | . . . . . 3 . . . . . 2 . Hunter 2 | . . . . . 1 . . . . . 1 . Programmer 1 | . . . . . . . . . . . 1 . Behemoth 1 | . . . . . . . . . . 1 . . Best Kill Streak 6 | . 3 . . 3 6 3 . 4 . 1 3 . Combat Bots Only 6 | . 3 . . 3 6 . . 4 . 1 3 . Max Kills in Single Turn 2 | . 1 . . 1 2 1 . 1 . 1 2 . Gunslinging . | . . . . . . . . . . . . . Exploded 2 | . . . . . . . . 1 . 1 2 . Melee 1 | . . . . . . . . . . . 1 . Uniques/NPCs Destroyed . | . . . . . . . . . . . . . Combat | -11 -10 -10 -10 -9 -8 -7 -7 -7 -7 -6 -6 -6 -------- Run | Jun Mat Min Exi Min Mat Fac Low Low Dat Pro Fac Low Damage Taken 6662 | . 917 48 . 73 1780 11 75 629 . 843 2242 44 Core 1837 | . 229 6 . 10 323 . 13 105 . 297 810 44 Absorbed by Shields . | . . . . . . . . . . . . . Redirected to Shielding 90 | . . . . . . . . . . . 90 . Core Remaining (%) 45 | 100 . . . 2 41 . . . . 40 . . Volleys Fired 192 | . 51 . . 7 102 . . 4 . 14 14 . Largest 2 | . 2 . . 2 2 . . 1 . 1 1 . Hottest 110 | . 80 . . 46 110 . . 36 . 90 85 . Shots Fired 353 | . 102 . . 14 204 . . 4 . 14 15 . Gun 320 | . 102 . . 14 204 . . . . . . . Cannon 19 | . . . . . . . . . . 11 8 . Launcher 12 | . . . . . . . . 4 . 3 5 . Special 2 | . . . . . . . . . . . 2 . Kinetic 232 | . 74 . . 14 144 . . . . . . . Thermal 107 | . 28 . . . 60 . . . . 11 8 . Explosive 8 | . . . . . . . . . . 3 5 . Electromagnetic 4 | . . . . . . . . 4 . . . . Robot Hit Streak 25 | . 12 . . 3 25 . . 7 . 7 5 . Robot Miss Streak 3 | . 3 . . 1 2 . . 1 . 2 1 . Penetration Max . | . . . . . . . . . . . . . Secondary Targets 4 | . 3 . . . 1 . . . . . . . Max Gunslinging Chain 1 | . 1 . . . 1 . . . . . . . Shots Hit Robots 340 | . 70 . . 9 179 23 5 4 . 15 35 . Core Hits 113 | . 26 . . 5 58 2 . 5 . 4 13 . Critical Kills 2 | . 1 . . 1 . . . . . . . . Critical Parts Destroyed 10 | . . . . . 2 1 . . . 1 6 . Critical Strikes 13 | . 1 . . 1 3 1 . . . 1 6 . Burn 1 | . . . . . 1 . . . . . . . Destroy 4 | . 1 . . 1 2 . . . . . . . Smash 8 | . . . . . . 1 . . . 1 6 . Melee Attacks 117 | . . . . . 21 28 11 6 . 4 47 . Impact 79 | . . . . . 9 8 6 5 . 4 47 . Slashing . | . . . . . . . . . . . . . Piercing . | . . . . . . . . . . . . . Sneak Attacks 41 | . . . . . 7 23 5 . . . 6 . Combat Hostiles 2 | . . . . . . 2 . . . . . . Follow-up Attacks 3 | . . . . . . . . . . . 3 . Damage Inflicted 7200 | . 920 . . 134 2874 383 . 217 . 861 1811 . Guns 3859 | . 920 . . 134 2805 . . . . . . . Cannons 589 | . . . . . . . . . . 433 156 . Explosions 990 | . . . . . . . . 217 . 268 505 . Melee 1729 | . . . . . 64 361 . . . 160 1144 . Ramming 33 | . . . . . 5 22 . . . . 6 . Kinetic 2648 | . 676 . . 134 1838 . . . . . . . Thermal 2108 | . 244 . . . 967 . . . . 575 322 . Explosive 465 | . . . . . . . . . . 126 339 . Electromagnetic 217 | . . . . . . . . 217 . . . . Impact 1729 | . . . . . 64 361 . . . 160 1144 . Slashing . | . . . . . . . . . . . . . Piercing . | . . . . . . . . . . . . . Highest Corruption 5 | . . . . . . . . . . . 5 4 Average Corruption 4 | . . . . . . . . . . . 4 4 Corruption Purged 2 | . . . . . . . . . . . 2 . Corruption Blocked . | . . . . . . . . . . . . . Effects 14 | . . . . . . . . . . . 14 . Message Errors 1 | . . . . . . . . . . . 1 . Matter Fused 5 | . . . . . . . . . . . 5 . Heat Flow Errors 2 | . . . . . . . . . . . 2 . Energy Discharges 2 | . . . . . . . . . . . 2 . Parts Fused 1 | . . . . . . . . . . . 1 . Data Loss (minor) 1 | . . . . . . . . . . . 1 . Misfires 1 | . . . . . . . . . . . 1 . Alerts 1 | . . . . . . . . . . . 1 . Overload Shots . | . . . . . . . . . . . . . Overflow Damage 823 | . . . . . 54 122 . . . 68 579 . Projectiles 35 | . . . . . . . . . . 35 . . Explosions 201 | . . . . . . . . . . . 201 . Melee 587 | . . . . . 54 122 . . . 33 378 . Knockbacks 4 | . . . . . . . . . . . 4 . Impact 4 | . . . . . . . . . . . 4 . Kinetic . | . . . . . . . . . . . . . Secondary . | . . . . . . . . . . . . . Self-Inflicted Damage 671 | . . . . . . 11 . 77 . 85 498 . Shots 16 | . . . . . . . . 5 . 4 7 . Rammed 7 | . 1 . . . . 1 . . . . 5 . Targets Rammed 12 | . 1 . . . 5 1 . . . . 5 . Kicked 5 | . . . . . 5 . . . . . . . Crushed . | . . . . . . . . . . . . . Highest Temperature 240 | . 21 . . . 48 . 3 1 . 240 193 . Average Temperature 42 | . 7 . . . 16 . 3 1 . 91 74 . Received Heat Transfer 1749 | . 297 . . 24 801 . 45 75 . 120 387 . Siege Activations . | . . . . . . . . . . . . . Robots Corrupted . | . . . . . . . . . . . . . Combat Hostiles . | . . . . . . . . . . . . . Parts Fried 10 | . . . . . . 1 . 3 . 1 5 . Impact Corruptions 19 | . . . . . 2 2 . . . 2 13 . Robots Melted . | . . . . . . . . . . . . . Combat Hostiles . | . . . . . . . . . . . . . Parts Melted 8 | . 1 . . 1 5 . . . . . 1 . Heat Transferred 2748 | . 550 . . . 1813 . . . . 100 285 . Parts Sabotaged . | . . . . . . . . . . . . . Parts Stolen . | . . . . . . . . . . . . . Parts Stripped . | . . . . . . . . . . . . . Power Chain Reactions 4 | . . . . . . . . 2 . 2 . . Missiles Intercepted . | . . . . . . . . . . . . . Alert | -11 -10 -10 -10 -9 -8 -7 -7 -7 -7 -6 -6 -6 ------- Run | Jun Mat Min Exi Min Mat Fac Low Low Dat Pro Fac Low Peak Influence 506 | . 239 81 . 70 453 230 . . . . 506 . Initial 212 | . . . . . 27 212 . . . . . . Average 120 | . 85 39 . 11 206 161 . . . . 144 . Maximum Alert Level 2 | . 1 . . . 2 1 . . . . 2 . Low Security (%) 77 | 100 96 100 . 100 48 69 . . . . 73 . Level 1 19 | . 3 . . . 44 30 . . . . 17 . Level 2 3 | . . . . . 6 . . . . . 9 . Level 3 . | . . . . . . . . . . . . . Level 4 . | . . . . . . . . . . . . . Level 5 . | . . . . . . . . . . . . . High Security . | . . . . . . . . . . . . . Max Security . | . . . . . . . . . . . . . Squads Dispatched 22 | . 3 . . . 6 1 . 1 . . 11 . Investigation 11 | . 2 . . . 4 . . . . . 5 . Extermination 2 | . . . . . . . . . . . 2 . Reinforcement 6 | . 1 . . . 2 1 . . . . 2 . Assault 2 | . . . . . . . . 1 . . 1 . Garrison 1 | . . . . . . . . . . . 1 . Intercept . | . . . . . . . . . . . . . Searches Triggered . | . . . . . . . . . . . . . Data Miner Redirects 4 | . . . . . . . . . . . 4 . Construction Impeded . | . . . . . . . . . . . . . Haulers Reinforced . | . . . . . . . . . . . . . Active Scanning Responses . | . . . . . . . . . . . . . Cargo Convoy Interrupts . | . . . . . . . . . . . . . Stealth | -11 -10 -10 -10 -9 -8 -7 -7 -7 -7 -6 -6 -6 --------- Run | Jun Mat Min Exi Min Mat Fac Low Low Dat Pro Fac Low Distress Signals 8 | . 3 . . . 4 . . . . . 1 . Communications Jammed . | . . . . . . . . . . . . . Distress Signals . | . . . . . . . . . . . . . Times Spotted 147 | . 24 3 . 3 44 4 12 24 . 5 25 3 Peak Tracking Total 13 | . 5 3 . 3 7 2 7 13 . 5 7 3 Tactical Retreats 25 | . 2 . . . 3 1 6 6 . . 7 . Traps | -11 -10 -10 -10 -9 -8 -7 -7 -7 -7 -6 -6 -6 ------- Run | Jun Mat Min Exi Min Mat Fac Low Low Dat Pro Fac Low Traps Triggered 3 | . 3 . . . . . . . . . . . Indirectly . | . . . . . . . . . . . . . Trap Hack Attempts 39 | . . . . . 16 23 . . . . . . Triggered 1 | . . . . . 1 . . . . . . . Disarmed 1 | . . . . . . 1 . . . . . . Reprogrammed 9 | . . . . . . 9 . . . . . . Reused 1 | . . . . . . 1 . . . . . . Traps Extracted . | . . . . . . . . . . . . . Installed 1 | . . . . . . . 1 . . . . . Triggered 4 | . . . . . . 1 2 . . 1 . . Exploded 1 | . . . 1 . . . . . . . . . Machines | -11 -10 -10 -10 -9 -8 -7 -7 -7 -7 -6 -6 -6 ---------- Run | Jun Mat Min Exi Min Mat Fac Low Low Dat Pro Fac Low Machines Disabled 7 | . . . . . . . . . . . 7 . Max in Single Turn 4 | . . . . . . . . . . . 4 . Garrison Access 4 | . . . . . 1 2 . . . . 1 . Machines Repaired . | . . . . . . . . . . . . . Machines Sabotaged . | . . . . . . . . . . . . . Overloaded Fab Kills . | . . . . . . . . . . . . . Hacking | -11 -10 -10 -10 -9 -8 -7 -7 -7 -7 -6 -6 -6 --------- Run | Jun Mat Min Exi Min Mat Fac Low Low Dat Pro Fac Low Machines Accessed 36 | . 6 . 2 . 10 6 . . 4 . 8 . Terminals 17 | . 4 . . . 8 4 . . . . 1 . Fabricators 2 | . . . . . . . . . . . 2 . Repair Stations 1 | . . . . . . . . . . . 1 . Recycling Units 4 | . 2 . . . 1 . . . . . 1 . Scanalyzers 2 | . . . . . . . . . . . 2 . Garrison Access 4 | . . . . . 1 2 . . . . 1 . Total Hacks 147 | . 14 . 14 . 33 26 . . 29 . 31 . Successful 91 | . 5 . 14 . 13 10 . . 29 . 20 . Failed 56 | . 9 . . . 20 16 . . . . 11 . Catastrophic 13 | . 2 . . . 3 5 . . . . 3 . Database Lockouts . | . . . . . . . . . . . . . Manual 32 | . 5 . 1 . 15 9 . . . . 2 . Terminals 57 | . 10 . . . 26 20 . . . . 1 . Fabricators 6 | . . . . . . . . . . . 6 . Repair Stations 4 | . . . . . . . . . . . 4 . Recycling Units 11 | . 4 . . . 3 . . . . . 4 . Scanalyzers 14 | . . . . . . . . . . . 14 . Garrison Access 12 | . . . . . 4 6 . . . . 2 . Terminal Hacks 63 | . 2 . 14 . 10 8 . . 29 . . . Record 24 | . . . 13 . . . . . 11 . . . Part Schematic 12 | . . . . . 2 1 . . 9 . . . Robot Schematic 6 | . . . . . . . . . 6 . . . Robot Analysis 3 | . 1 . . . 2 . . . . . . . Prototype ID Bank 5 | . . . . . . 2 . . 3 . . . Branch Access Points 2 | . . . . . 1 1 . . . . . . Unreport Threat 1 | . . . . . . 1 . . . . . . Locate Traps 5 | . . . . . 4 1 . . . . . . Reprogram Traps 1 | . . . . . . 1 . . . . . . Zone Layout 3 | . 1 . . . 1 1 . . . . . . EX-Prototype ID Bank 1 | . . . 1 . . . . . . . . . Fabricator Hacks 2 | . . . . . . . . . . . 2 . Load Schematic 2 | . . . . . . . . . . . 2 . Repair Station Hacks 2 | . . . . . . . . . . . 2 . Scan Component 1 | . . . . . . . . . . . 1 . Repair 1 | . . . . . . . . . . . 1 . Recycling Unit Hacks 4 | . 1 . . . 1 . . . . . 2 . Process 1 | . . . . . . . . . . . 1 . Retrieve Components 3 | . 1 . . . 1 . . . . . 1 . Scanalyzer 14 | . . . . . . . . . . . 14 . Insert Component 7 | . . . . . . . . . . . 7 . Analyze 7 | . . . . . . . . . . . 7 . Garrison Access Hacks 3 | . . . . . 1 2 . . . . . . Seal Access 3 | . . . . . 1 2 . . . . . . Unauthorized Hacks 3 | . 2 . . . 1 . . . . . . . Terminals . | . . . . . . . . . . . . . Fabricators . | . . . . . . . . . . . . . Repair Stations . | . . . . . . . . . . . . . Recycling Units 3 | . 2 . . . 1 . . . . . . . Reject 1 | . 1 . . . . . . . . . . . Tunnel 2 | . 1 . . . 1 . . . . . . . Scanalyzers . | . . . . . . . . . . . . . Garrison Access . | . . . . . . . . . . . . . Data Cores Recovered 1 | . 1 . . . . . . . . . . . Used . | . . . . . . . . . . . . . Hacking Detections 26 | . 6 . . . 9 5 . . . . 6 . Full Trace Events 9 | . 1 . . . 3 . . . . . 5 . Feedback Events 2 | . . . . . . . . . . . 2 . Hackware Fried 2 | . . . . . . . . . . . 2 . Feedback Blocked . | . . . . . . . . . . . . . Robot Schematics Acquired 6 | . . . . . . . . . 6 . . . Robots Built . | . . . . . . . . . . . . . Authchips . | . . . . . . . . . . . . . Time . | . . . . . . . . . . . . . Total Robot Build Rating . | . . . . . . . . . . . . . Part Schematics Acquired 19 | . . . . . 2 1 . . 9 . 7 . Parts Built . | . . . . . . . . . . . . . Authchips . | . . . . . . . . . . . . . Time . | . . . . . . . . . . . . . Total Part Build Rating . | . . . . . . . . . . . . . Parts Repaired 1 | . . . . . . . . . . . 1 . Time 30 | . . . . . . . . . . . 30 . Parts Recycled . | . . . . . . . . . . . . . Recycled Matter . | . . . . . . . . . . . . . Retrieved Matter . | . . . . . . . . . . . . . Retrieved Components 22 | . 10 . . . 9 . . . . . 3 . Parts Scanalyzed 7 | . . . . . . . . . . . 7 . Part Schematics Acquired 7 | . . . . . . . . . . . 7 . Parts Damaged 1 | . . . . . . . . . . . 1 . Bothacking | -11 -10 -10 -10 -9 -8 -7 -7 -7 -7 -6 -6 -6 ------------ Run | Jun Mat Min Exi Min Mat Fac Low Low Dat Pro Fac Low Used RIF Installer . | . . . . . . . . . . . . . Robots Hacked 16 | . . . . . 4 6 4 1 . . 1 . Non-combat 15 | . . . . . 4 6 4 . . . 1 . Combat 1 | . . . . . . . . 1 . . . . Robot Hacks Applied 29 | . . . . . 7 16 4 1 . . 1 . parse_system 12 | . . . . . 4 3 4 1 . . . . no_distress 10 | . . . . . 2 7 . . . . 1 . find_chute 4 | . . . . . . 4 . . . . . . find_recycling 2 | . . . . . . 2 . . . . . . check_alert 1 | . . . . . 1 . . . . . . . Relay Couplers Released 1 | . . . . . . . . . . . 1 . Machine Destruction 1 | . . . . . . . . . . . 1 . Fabnet Peak Effective % . | . . . . . . . . . . . . . Robots Rewired 1 | . . . . . . 1 . . . . . . Allies Hacked . | . . . . . . . . . . . . . Hacks Repelled . | . . . . . . . . . . . . . Allies | -11 -10 -10 -10 -9 -8 -7 -7 -7 -7 -6 -6 -6 -------- Run | Jun Mat Min Exi Min Mat Fac Low Low Dat Pro Fac Low Total Allies 5 | . . 3 . . . 1 . . . 1 . . Largest Group 3 | . . 3 3 3 . 1 . . . 1 . . Highest-Rated Group 96 | . . 40 40 40 . 16 . . . 96 . . Highest-Rated Ally 96 | . . 16 16 16 . 16 . . . 96 . . Total Orders . | . . . . . . . . . . . . . Ally Attacks 40 | . . 9 . 14 . 3 . . . 14 . . Total Damage 552 | . . 99 . 140 . 33 . . . 280 . . Kills 7 | . . 3 . 2 . . . . . 2 . . Allies Corrupted . | . . . . . . . . . . . . . Allies Melted . | . . . . . . . . . . . . . Intel | -11 -10 -10 -10 -9 -8 -7 -7 -7 -7 -6 -6 -6 ------- Run | Jun Mat Min Exi Min Mat Fac Low Low Dat Pro Fac Low Robot Analysis Total 3 | . 1 . . . 2 . . . . . . . Derelict Logs Recovered 4 | . . . . 1 . . 2 1 . . . . Drone Launches . | . . . . . . . . . . . . . Drone Recoveries . | . . . . . . . . . . . . . Exploration | -11 -10 -10 -10 -9 -8 -7 -7 -7 -7 -6 -6 -6 ------------- Run | Jun Mat Min Exi Min Mat Fac Low Low Dat Pro Fac Low Turns Passed 7682 | 68 1310 110 604 1196 1756 380 359 295 51 540 1010 3 Spaces Moved 4990 | 35 520 42 232 462 850 505 507 437 78 279 1037 6 Core 346 | 1 . . . . . 1 . . . 70 268 6 Treads 249 | 18 159 . . 20 52 . . . . . . . Legs 1241 | 16 361 42 232 378 205 . . . . . 7 . Wheels 308 | . . . . 64 188 . . . . 56 . . Hover 2151 | . . . . . . 214 507 437 78 153 762 . Flight 695 | . . . . . 405 290 . . . . . . Fastest Speed 27 | 50 160 260 260 140 34 27 44 44 66 66 50 50 Average Speed 116 | 164 200 260 260 246 113 36 44 57 66 174 69 50 Slowest Speed 920 | 190 260 260 260 320 920 120 44 126 66 500 500 50 Overloaded Moves . | . . . . . . . . . . . . . Propulsion Burnouts . | . . . . . . . . . . . . . Robots Hopped 6 | . . . . . 4 2 . . . . . . Cave-ins Triggered . | . . . . . . . . . . . . . Exploration Rate (%) 46 | 3 79 11 60 92 51 15 76 64 68 43 34 3 Regions Visited 12 Branch Regions 8 Pre-discovered Areas 5 | . 1 . 1 . 1 . 1 . 1 . . . Known Exits Taken 1 | . . . . . . 1 . . . . . . Unknown Exits Taken 11 | 1 1 1 1 1 1 . 1 1 1 1 1 . Scrap Searched 17 | . . . . 3 . . 4 8 . 2 . . Spaces Dug 42 | . . . . . 6 5 6 5 . . 20 . Terrain Destroyed 171 | . . . . . 6 5 6 8 . 6 140 . Melee 31 | . . . . . 6 5 6 5 . . 9 . Projectile . | . . . . . . . . . . . . . AOE 140 | . . . . . . . . 3 . 6 131 . Terrain Rammed . | . . . . . . . . . . . . . Walls Destroyed . | . . . . . . . . . . . . . Machines Disabled . | . . . . . . . . . . . . . Actions | -11 -10 -10 -10 -9 -8 -7 -7 -7 -7 -6 -6 -6 --------- Run | Jun Mat Min Exi Min Mat Fac Low Low Dat Pro Fac Low Total 6359 | 43 697 44 234 506 1409 688 629 465 77 311 1250 6 Wait 666 | . 52 1 . 28 292 87 107 . . 8 91 . Move 4967 | 34 519 41 231 461 841 501 506 436 77 278 1036 6 Hop 6 | . . . . . 4 2 . . . . . . Pick Up 79 | 1 31 . 2 1 13 12 . 6 . 1 12 . Fast Attach 82 | 7 6 . . 2 31 13 . 1 . 3 19 . Attach 23 | . . 1 . . 6 1 . 4 . 2 9 . Detach 20 | 1 4 . . . 8 . . 1 . 1 5 . Swap 46 | . 11 . . 2 19 2 4 4 . . 4 . Drop 116 | . 22 1 1 5 51 19 . 3 . . 14 . Fire 192 | . 51 . . 7 102 . . 4 . 14 14 . Melee 111 | . . . . . 21 28 11 6 . 4 41 . Ram 5 | . . . . . . . . . . . 5 . Kick 5 | . . . . . 5 . . . . . . . Crush 1 | . 1 . . . . . . . . . . . Escape Stasis . | . . . . . . . . . . . . . Rewire . | . . . . . . . . . . . . . Trap 40 | . . . . . 16 23 1 . . . . . Miscellaneous . | . . . . . . . . . . . . . Route ------- -11/Junkyard -10/Materials (discovered 3 exits: [*Mat x2] / [*Min]) -10/Mines -10/Exiles -9/Mines -8/Materials -7/Factory (discovered 2 exits: *Low x2) -7/Lower Caves -7/Lower Caves -7/Data Miner -6/Proximity Caves -6/Factory (discovered 2 exits: [*Low x2]) -6/Lower Caves History --------- Turn | Location | Event 27 | -11/Junkyard | Discovered new exit (range 14) 69 | -11/Junkyard | Entered Materials 333 | -10/Materials | Build established: Mutant 652 | -10/Materials | Build established: Scavenger-Mutant 674 | -10/Materials | Discovered new exit (range 10) 828 | -10/Materials | Discovered new exit (range 14) 1149 | -10/Materials | Build established: Mutant 1155 | -10/Materials | Discovered new exit (range 16) 1311 | -10/Materials | Core integrity fell below 50% 1319 | -10/Materials | Core integrity fell below 20% 1379 | -10/Materials | Entered Mines 1385 | -10/Mines | Assisted by bots powering up and referring to "LRC-V3" 1478 | -10/Mines | Deemed a non-threat by the Exiles lab entrance 1478 | -10/Mines | Discovered new exit (range 5) 1489 | -10/Mines | Entered Exiles 1489 | -10/Exiles | Accompanied by 3 allies 1552 | -10/Exiles | Met 8R-AWN 1596 | -10/Exiles | Met EX-HEX 1677 | -10/Exiles | Met EX-BIN 1705 | -10/Exiles | Aligned with FarCom system 1708 | -10/Exiles | Given EX-Vault access code 1770 | -10/Exiles | Opened EX-Vault 1789 | -10/Exiles | Found Cloak of Protection 1845 | -10/Exiles | Warned to stay clear of 0b10 Research branches 1877 | -10/Exiles | Exiles lab attacked by MAIN.C 1941 | -10/Exiles | Learned location of Zion (-6) 2072 | -10/Exiles | Discovered new exit (range 10) 2093 | -10/Exiles | Left Exiles lab with Cloak of Protection 2093 | -10/Exiles | Entered Mines 2093 | -9/Mines | Accompanied by 3 allies 2475 | -9/Mines | Learned Materials stockpile data 2682 | -9/Mines | Assembled infested the area 2687 | -9/Mines | Assisted by a Guerilla fighting off Assembled 3076 | -9/Mines | Discovered new exit (range 12) 3289 | -9/Mines | Entered Materials 3289 | -8/Materials | Evolved 4 slots: Propulsion x1, Utility x3 3572 | -8/Materials | Discovered new exit (range 12) 3667 | -8/Materials | Build established: Scavenger-Mutant 4560 | -8/Materials | Core integrity fell below 50% 4601 | -8/Materials | Lost 4 parts (2p2n) 4974 | -8/Materials | Build established: Hacker-Scout 5045 | -8/Materials | Entered Factory 5045 | -7/Factory | Evolved 2 slots: Propulsion x2 5161 | -7/Factory | Discovered new exit (range 16) 5161 | -7/Factory | Identified exit to Lower Caves 5425 | -7/Factory | Entered Lower Caves 5471 | -7/Lower Caves | Build established: Hacker-Mutant 5566 | -7/Lower Caves | Learned Factory emergency access door positions 5761 | -7/Lower Caves | Discovered new exit (range 6) 5784 | -7/Lower Caves | Entered another Lower Caves area 5831 | -7/Lower Caves | Learned 4 Factory zone layouts 5843 | -7/Lower Caves | Spotted B-75 Beast 5898 | -7/Lower Caves | Attracted the attention of an 0b10 outpost 5946 | -7/Lower Caves | Lost 4 parts (3n1u) 6071 | -7/Lower Caves | Discovered new exit (range 15) 6079 | -7/Lower Caves | Entered Data Miner 6079 | -7/Data Miner | Discovered new exit (range 6) 6092 | -7/Data Miner | Met Data Miner 6109 | -7/Data Miner | Learned location of Section 7 (-2) 6109 | -7/Data Miner | Acquired the access code to Warlord's prototype stash 6115 | -7/Data Miner | Received God Mode back door access code from Data Miner 6130 | -7/Data Miner | Entered Proximity Caves 6178 | -6/Proximity Caves | Escorted by Enhanced Grunt 6222 | -6/Proximity Caves | Spotted B-75 Beast 6287 | -6/Proximity Caves | Found Prototype Device 6287 | -6/Proximity Caves | Identified Exp. Thermal Shield 6321 | -6/Proximity Caves | Core integrity fell below 50% 6340 | -6/Proximity Caves | Destroyed B-75 Beast 6358 | -6/Proximity Caves | Lost 6 parts (1p2n2u1w) 6600 | -6/Proximity Caves | Discovered new exit (range 15) 6670 | -6/Proximity Caves | Entered Factory 6670 | -6/Factory | Evolved 2 slots: Power x1, Utility x1 6855 | -6/Factory | System Shield fried by hacking feedback 6861 | -6/Factory | Discovered new exit (range 6) 6874 | -6/Factory | Incoming investigation squad redirected 6991 | -6/Factory | Incoming investigation squad redirected 7007 | -6/Factory | Mak. Hacking Suite fried by hacking feedback 7031 | -6/Factory | Incoming investigation squad redirected 7203 | -6/Factory | Repaired Broken Remote Datajack 7299 | -6/Factory | Build established: Mutant 7382 | -6/Factory | Spotted B-75 Beast 7466 | -6/Factory | Incoming assault squad redirected 7497 | -6/Factory | Lost 6 parts (3p2n1u) 7625 | -6/Factory | Core integrity fell below 50% 7671 | -6/Factory | Build established: Hacker-Mutant 7671 | -6/Factory | Lost 3 parts (2n1w) 7673 | -6/Factory | Core integrity fell below 20% 7674 | -6/Factory | Discovered new exit (range 14) 7680 | -6/Factory | Entered Lower Caves 7683 | -6/Lower Caves | Destroyed by S-27 Virus with Autogun Last Messages --------------- 07591_ U-05 Engineer lays Concrete. 07594_ U-05 Engineer builds a Wall. 07599_ U-05 Engineer lays Concrete. 07613_ S-27 Virus destroyed. 07617_ The unstable cave ceiling collapses. 07624_ System corrupted: Matter fused (-6). 07628_ Destroyed Autogun. 07628_ S-27 Virus destroyed. 07628_ Imp. Grenade Launcher destroyed. 07628_ Destroyed Imp. Grenade Launcher. 07631_ VSS Leg destroyed. 07633_ U-05 Engineer lays Concrete. 07640_ N2&M/ &OZV>/6C68/SA#AFJKR0 07640_ Flexi-carbon Leg destroyed. 07645_ ALERT: Rogue bot located, Programmers report to Factory Zone 7E. 07667_ Connecting with Terminal... 07674_ EXIT=FOUND 07677_ T-07 Excavator destroyed. LOCATION=UNKNOWN GOAL=ESCAPE Map ----- +----------------------------------------------------+ | | | | | | | ?????????????????????????????????????????????????? | | ?????????????????????????????????????????????????? | | ?????????????????????????????????????????????????? | | ?????????????????????????????????????????????????? | | ?????????????????????????????????????????????????? | | ?????????????????????????????????????????????????? | | ?????????????????????????????????????????????????? | | ?????????????????????????????????????????????????? | | ?????????????????????????????????????????????????? | | ?????????????????????????????????????????????????? | | ?????????????????????????????????????????????????? | | ?????????????????????????????????????????????????? | | ?????????????????????????????????????????????????? | | ?????????????????????????????????????????????????? | | ??????????????????????#???########???????????????? | | ???????????????????#### ### ###?????????????? | | ???????????????????# ##????????????? | | ????????????####??# #????????????? | | ????????????? $ ### s ##????????????? | | ??????????????? ?????#s### ##?????????????? | | ??????????????????# S#### #??# ##??????????????? | | ?????????????????## S #???###???????????????? | | ????????????????# @ #?????????????????????? | | ?????????? S ###?????????????????????? | | ????????????#### #????????????????????????? | | ???????????????### ?????????????????????????? | | ?????????????????## #??????????????????????????? | | ??????????????????####???????????????????????????? | | ?????????????????????????????????????????????????? | | ?????????????????????????????????????????????????? | | ?????????????????????????????????????????????????? | | ?????????????????????????????????????????????????? | | ?????????????????????????????????????????????????? | | ?????????????????????????????????????????????????? | | ?????????????????????????????????????????????????? | | ?????????????????????????????????????????????????? | | ?????????????????????????????????????????????????? | | ?????????????????????????????????????????????????? | | ?????????????????????????????????????????????????? | | ?????????????????????????????????????????????????? | | ?????????????????????????????????????????????????? | | ?????????????????????????????????????????????????? | | ?????????????????????????????????????????????????? | | ?????????????????????????????????????????????????? | | ?????????????????????????????????????????????????? | | ?????????????????????????????????????????????????? | | ?????????????????????????????????????????????????? | +----------------------------------------------------+ Best States ------------- Heat Dissipation 51 Energy Generation 29 Energy Capacity 350 Matter Stores 300 Matter Capacity 300 Sight Range 16 Robot Scan Range 15 Terrain Scan Density 10 ECM Strength 2 Cloak Strength 5 Additional Mass Support 9 Resistance: TH 30 Utility Shielding 66 Evasion (%) 72 Targeting Accuracy 26 Melee Accuracy 24 Target Analysis 6 Recoil Reduction 3 Offensive Hacking 21 Defensive Hacking 22 Authchip Count 1 Trap Extractor Capacity 8 Item Schematics ----------------- VTOL Module | -8/Materials | Hacked Datajack | -8/Materials | Hacked Transmission Jammer | -7/Factory | Hacked Combat Drone Bay | -7/Data Miner | Free Lgt. Regenerative Plating | -7/Data Miner | Free Biomechanical Wings | -7/Data Miner | Free Thermal Defense Suite | -7/Data Miner | Free Com. Ion Cannon | -7/Data Miner | Free Antigrav System | -7/Data Miner | Free Imp. Recalibrator | -7/Data Miner | Free KE Penetrator | -7/Data Miner | Free Hvy. Plasma Cannon | -7/Data Miner | Free Mak. Hacking Suite | -6/Factory | Scanalyzed Remote Datajack | -6/Factory | Scanalyzed Imp. Utility Shielding | -6/Factory | Scanalyzed Hpw. Tractor Beam | -6/Factory | Scanalyzed Hcp. Matter Pod | -6/Factory | Scanalyzed System Restoration Module | -6/Factory | Scanalyzed Cmb. Airjet | -6/Factory | Scanalyzed Robot Schematics ------------------ W-25 Informer | -7/Data Miner | Free M-28 Smith | -7/Data Miner | Free R-10 Processor | -7/Data Miner | Free S-27 Virus | -7/Data Miner | Free X-67 Chaingunner | -7/Data Miner | Free E-15 Imp | -7/Data Miner | Free Fabricated ------------ Nothing Alien Tech Used ----------------- None Achievements -------------- None Challenges ------------ None Game ------ Seed SpreadRagnarokLoader Manual? 0 Play Time 01:19:40 Cumulative 293.8 hours Start 2023.10.28 @ 02:29:48 End 2023.10.28 @ 03:58:03 Sessions 1 Manual Loads 0 Difficulty Rogue Special Mode None Game No. 328 Rogue 301 Adventurer 2 Explorer 25 Win Type - Total 19 Types 16/1/0/2/0/0/0/0/0 Lore% 75 Gallery% 80 Achievement% 78 Wizard Run 0 Options --------- ASCII 1 Keyboard 1 Movement Numpad Keybinds 1 Fullscreen 1 Font 18/X11 Map View 76x50 Tactical HUD 1 Map Filters NONE Filters NONE Steam 1 RUN: 83d3e5bc-20f2-42b7-ba53-839c9947c20e